 Dungeon Crawl Stone Soup version 0.30-a0-845-g7c6808c8ce (webtiles) character file.

Game seed: 12153667422161988963

58067 jasper the Cleaver (level 14, -13/127 HPs)
             Began as a Ghoul Gladiator on Mar 2, 2023.
             Was a High Priest of Ashenzari.
             Mangled by a sun demon (18 damage)
             ... on level 5 of the Lair of Beasts.
             The game lasted 00:30:30 (17067 turns).

jasper the Cleaver (Ghoul Gladiator)               Turns: 17067, Time: 00:30:31

Health: -13/127    AC: 23    Str: 25    XL:     14   Next: 88%
Magic:  13/13      EV: 13    Int:  3    God:    Ashenzari [*****.]
Gold:   1092       SH:  0    Dex: 14    Spells: 13/13 levels left

rFire   . . .      SeeInvis +    a - +1 war axe of Ashenzari's Bitterness {venom, Fort, Bglg} (curse)
rCold   + . .      Faith    .    (no shield)
rNeg    + + +      Spirit   .    E - +0 chain mail "Chagrin of Ashenzari" {Range, Comp} (curse)
rPois   ∞          Reflect  .    c - +1 helmet of Apeoromancy {Melee, Elem} (curse)
rElec   .          Rampage  .    k - +1 cloak "Share My Ordeal" {Alch, Comp} (curse)
rCorr   .          Clarity  +    T - +2 pair of gloves
Will    +....                    y - +0 pair of boots of Ashenzari's Negligence {rN+ Str+6 Stlth+, Fort, Melee} (curse) Stlth
                                 D - amulet of Ashenzari's Bitterness {Regen+, Comp, Melee} (curse)
HPRegen 0.00/turn                f - ring of the Unyielding Gaze {SInv, Elem, Alch} (curse)
MPRegen 0.13/turn                L - ring "Cosmic Sybil" {Slay+4, Elem, Evo} (curse)

@: about to teleport, inhibited regen
A: claws 1, cold resistance 1, negative energy resistance 3, inhibited
regeneration, torment resistance 2, devour on kill
a: Renounce Religion, Curse Item, Shatter the Chains


You were on level 5 of the Lair of Beasts.
You worshipped Ashenzari.
Ashenzari was extremely pleased with you.
You visited 3 branches of the dungeon, and saw 18 of its levels.
You also visited: Gauntlet.

You collected 1178 gold pieces.
You spent 86 gold pieces at shops.

Inventory:

Hand Weapons
 a - the cursed +1 war axe of Ashenzari's Bitterness (weapon) {venom, Fort, Bglg}

   It has a curse which improves the following skills: Fortitude: Armour and
   Shields.
   Beguiling: Conjurations, Hexes and Translocations.
 V - a +4 battleaxe of venom
Missiles
 e - 10 javelins
 h - 166 stones
 n - 28 poisoned darts
 O - 2 boomerangs (quivered)
 P - 2 throwing nets
 Q - 11 curare-tipped darts
Armour
 c - the cursed +1 helmet of Apeoromancy (worn) {Melee, Elem}

   It has a curse which improves the following skills: Melee Combat: Short
   Blades, Long Blades, Axes, Maces & Flails, Polearms, Staves and Unarmed
   Combat.
   Elements:  Fire Magic, Ice Magic, Air Magic and Earth Magic.
 d - a +0 plate armour
 k - the cursed +1 cloak "Share My Ordeal" (worn) {Alch, Comp}
   (You found it on level 2 of the Dungeon)

   It has a curse which improves the following skills: Alchemy: Poison Magic and
   Transmutations.
   Companions: Summonings and Necromancy.
 s - a +1 cloak
 y - the cursed +0 pair of boots of Ashenzari's Negligence (worn) {rN+ Str+6 Stlth+, Fort, Melee}
   (You found it on level 1 of the Lair of Beasts)

   Str:       It affects your strength (+6).
   rN:        It protects you from negative energy.
   Stlth:     It makes you more stealthy.
   It has a curse which improves the following skills: Fortitude: Armour and
   Shields.
   Melee Combat: Short Blades, Long Blades, Axes, Maces & Flails, Polearms,
   Staves and Unarmed Combat.
 E - the cursed +0 chain mail "Chagrin of Ashenzari" (worn) {Range, Comp}
   (You found it on level 5 of the Dungeon)

   It has a curse which improves the following skills: Ranged Combat: Ranged
   Weapons and Throwing.
   Companions: Summonings and Necromancy.
 T - a +2 pair of gloves (worn)
Jewellery
 f - the cursed ring of the Unyielding Gaze (left hand) {SInv, Elem, Alch}
   (You found it on level 1 of the Dungeon)

   [ring of see invisible]

   SInv:      It lets you see invisible.
   It has a curse which improves the following skills: Elements: Fire Magic, Ice
   Magic, Air Magic and Earth Magic.
   Alchemy:   Poison Magic and Transmutations.
 g - a ring of fire
 i - a +4 ring of slaying
 D - the cursed amulet of Ashenzari's Bitterness (around neck) {Regen+, Comp, Melee}
   (You found it on level 5 of the Dungeon)

   [amulet of regeneration]

   Regen:     It increases your rate of health regeneration.
   It has a curse which improves the following skills: Companions: Summonings
   and Necromancy.
   Melee Combat: Short Blades, Long Blades, Axes, Maces & Flails, Polearms,
   Staves and Unarmed Combat.
 G - a ring of willpower
 I - a ring of flight
 L - the cursed ring "Cosmic Sybil" (right hand) {Slay+4, Elem, Evo}
   (You found it on level 8 of the Dungeon)

   [ring of slaying]

   Slay:      It affects your accuracy & damage with ranged weapons and melee
   (+4).
   It has a curse which improves the following skills: Elements: Fire Magic, Ice
   Magic, Air Magic and Earth Magic.
   Evocations: Evocations.
 X - the ring "Attut" {Will+ MP+9}
   (You found it in a Gauntlet)

   [ring of willpower]

   MP:        It affects your magic capacity (+9).
   Will:      It increases your willpower.
 Y - a ring of resist corrosion
Wands
 t - a wand of charming (5)
 x - a wand of iceblast (22)
 M - a wand of polymorph (16)
Scrolls
 b - 2 scrolls of fog
 o - 2 scrolls of magic mapping
 r - 4 scrolls of immolation
 u - 8 scrolls of teleportation
 v - a scroll of fear
 B - 3 scrolls of blinking
 C - a scroll of poison
 F - a scroll of enchant weapon
 H - 2 scrolls of butterflies
 K - a scroll of silence
 S - a scroll of brand weapon
 W - 3 scrolls of vulnerability
Potions
 j - 6 potions of curing
 l - 2 potions of flight
 m - 3 potions of ambrosia
 p - 3 potions of attraction
 w - 2 potions of haste
 z - 3 potions of might
 A - 5 potions of magic
 R - 3 potions of cancellation
 U - a potion of invisibility
 Z - 2 potions of heal wounds
Miscellaneous
 J - a phial of floods


   Skills:
 + Level 12.8 Fighting
 - Level 14.0(18.5) Axes
 - Level 1.7(3.4) Throwing
 + Level 10.6(14.1) Armour
 + Level 11.0 Dodging
 + Level 3.8 Stealth
 - Level 2.0(4.5) Shields
 + Level 5.6(7.9) Evocations


You had 13 spell levels left.
You didn't know any spells.
Your spell library contained the following spells:

 Spells                   Type           Power      Damage    Failure   Level
 Sandblast                Erth           0%         2d4       89%         1
 Summon Small Mammal      Summ           0%         N/A       89%         1
 Slow                     Hex            0%         N/A       92%         1
 Scorch                   Fire           0%         2d5       96%         2
 Passwall                 Tmut/Erth      0%         N/A       97%         2
 Lesser Beckoning         Tloc           0%         N/A       98%         2
 Call Canine Familiar     Summ           0%         N/A       99%         3
 Stone Arrow              Conj/Erth      0%         3d7       99%         3
 Summon Guardian Golem    Hex/Summ       0%         N/A       99%         3
 Vampiric Draining        Necr           0%         2d6       99%         3
 Confusing Touch          Hex            0%         N/A       100%        3
 Dazzling Flash           Conj/Hex       0%         N/A       100%        3
 Gell's Gravitas          Tloc           0%         N/A       100%        3
 Teleport Other           Tloc           0%         N/A       100%        3
 Flame Wave               Conj/Fire      0%         2d4       100%        4
 Iskenderun's Mystic Bla  Conj/Tloc      0%         2d3       100%        4
 Agony                    Necr           0%         N/A       100%        5
 Borgnjor's Vile Clutch   Necr/Erth      0%         N/A       100%        5
 Iskenderun's Battlesphe  Conj           0%         2d6       100%        5
 Lee's Rapid Deconstruct  Erth           0%         3d4*      100%        5
 Silence                  Hex/Air        0%         N/A       100%        5
 Iron Shot                Conj/Erth      0%         9d1       100%        6
 Starburst                Conj/Fire      0%         6d3       100%        6
 Summon Cactus Giant      Summ           0%         N/A       100%        6
 Spellforged Servitor     Conj/Summ      0%         N/A       100%        7


Dungeon Overview and Level Annotations

Branches:
Dungeon (12/15)            Temple (1/1) D:4            Lair (5/5) D:9
 Shoals (0/4) Lair:3       Spider (0/4) Lair:3        Slime (0/5) Lair:5
    Orc (0/2) D:10        Gauntlet (visited)

Altars:
Ashenzari
Cheibriados
Dithmenos
Fedhas
Gozag
Hepliaklqana
Kikubaaqudgha
Makhleb
Nemelex Xobeh
Okawaru
Qazlal
Ru
Sif Muna
Trog
Uskayaw
Vehumet
Wu Jian
Xom
Yredelemnul

Shops:
D:1 !   D:7 (   D:9 *

Annotations:
D:9 1 runed translucent door, nocore's ghost, journeyman OpWn
Lair:2 exclusion: 2 oklob plants
Lair:5 2 transporters, garrulousMonolith's ghost, journeyman DsGl


Innate Abilities, Weirdness & Mutations

You are immune to poison.
You have sharp fingernails.
Your flesh is cold resistant. (rC+)
You are immune to negative energy. (rN+++)
You do not regenerate when monsters are visible.
You are immune to unholy pain and torment.
You thrive by killing the living.


Message History

You feel much better.
You kill the hell hound!
The red devil hits you but does no damage.
The ice devil hits you but does no damage.
The orange demon stings you but does no damage.
The orange demon hits you but does no damage.
The sun demon hits you.
* * * LOW HITPOINT WARNING * * *
You are engulfed in flames!
* * * LOW HITPOINT WARNING * * *
You regained 5 hp, and now have 18/127 hp.
Blink to where?
Press: ? - help, Dir - move target
As you read the scroll of blinking, it crumbles to dust.
You feel a bit more experienced.
The barbs in your skin will harm you if you move.
Continue? [Y]es or [N]o only, please.
The barbs in your skin will harm you if you move.
Continue? [Y]es or [N]o only, please.
The barbs in your skin will harm you if you move.
Continue?
Okay, then.
The barbs in your skin will harm you if you move.
Continue?
The barbed spikes dig painfully into your body as you move.
* * * LOW HITPOINT WARNING * * *
There is an open door here.
You take 4 damage, and have 15/127 hp.
The barbed spikes dig painfully into your body as you move.
* * * LOW HITPOINT WARNING * * *
You take 3 damage, and have 12/127 hp.
You close the door.
You carefully extract the barbed spikes from your body.
A sun demon breaks down the door.
As you read the scroll of teleportation, it crumbles to dust.
You feel strangely unstable.
You slash the sun demon!
The sun demon is heavily wounded.
The sun demon hits you!
* * * LOW HITPOINT WARNING * * *
You are engulfed in flames!!
You die...

~~ ≈≈§~~ ~ ~~
#############§§≈≈~~ ~ ~ ~
#........#..§§§≈≈ ~ ~ ~~
#...8.8.†#.3§.§..{{ ~ ~~~
..8.#...{.†.._..{{{∩~ ~
#...8.#.{#{4..... {{ ~ ~~
#..#.8...#.......,~ ~~
#...#.84.###############~~
#..8.8...3@............# ~
*#........#...8....8....# ~
♣♣♣♣♣+#########.............#~
♣♣.♣♣.♣♣♣ ######''#######
♣.......♣♣♣ ♣....♣
...♣♣♣....♣♣♣ ♣...♣♣ ♣♣♣♣
♣♣♣♣...♣♣ ♣♣♣..♣♣ ♣
♣♣...♣♣♣♣♣..♣♣♣ ♣♣♣...♣..♣♣♣


You could see a sun demon and an ice devil.

Vanquished Creatures
  Gastronok (Lair:1)
  Nessos (Lair:4)
  A dire elephant (Lair:5)
  A minotaur (Gauntlet)
  A blizzard demon (Gauntlet)
  Fannar (Lair:1)
  4 hydras
  3 two-headed ogres
  4 death yaks
  2 boulder beetles (D:11)
  Sonja (D:10)
  Nergalle (D:10)
  A skyshark (Lair:3)
  A sixfirhy (Gauntlet)
  A wizard (Lair:5)
  Pikel (D:6)
  A lindwurm (Lair:5)
  A cyclops (D:12)
  24 elephants
  Joseph (D:7)
  3 black mambas
  A merfolk siren (Lair:3)
  2 orange demons (Lair:5)
  An unseen horror (D:12)
  18 cane toads
  Maggie (D:9)
  5 rime drakes
  9 komodo dragons
  An ice devil (Lair:5)
  2 polar bears
  3 trolls
  A tarantella (Lair:3)
  A hornet (D:8)
  13 blink frogs
  6 dream sheep (Lair:5)
  2 shadows
  6 wraiths
  4 wyverns
  6 basilisks
  2 humans (D:7)
  30 yaks
  4 steam dragons (D:8)
  4 vampire mosquitoes (D:12)
  An acid dragon (Gauntlet)
  17 water moccasins
  2 hell hounds (Lair:5)
  2 sky beasts (D:8)
  3 ice beasts
  A black bear (Lair:2)
  A meliai simulacrum (D:11)
  An ogre (D:5)
  6 orc warriors
  3 centaurs
  17 wolves
  A lemure (D:6)
  A phantom (D:4)
  A kobold brigand (D:7)
  16 bullfrogs
  A gnoll sergeant (D:5)
  5 scorpions
  39 killer bees
  5 howler monkeys
  4 hounds
  Crazy Yiuf (D:2)
  4 orc priests
  A jelly (D:7)
  11 orc wizards
  5 iguanas
  9 gnolls
  11 adders
  2 shadow imps
  6 white imps
  3 ufetubi
  A worm (D:2)
  2 dart slugs (D:4)
  43 orcs
  8 ball pythons
  2 bats (D:2)
  4 endoplasms
  6 giant cockroaches
  3 goblins
  7 hobgoblins
  11 kobolds
  3 quokkas
  3 frilled lizards
  10 rats
  A spectral kobold (D:5)
461 creatures vanquished.

Vanquished Creatures (others)
  33 fungi
  41 plants
74 creatures vanquished.

Grand Total: 535 creatures vanquished

Notes
Turn   | Place    | Note
-------+----------+-------------------------------------------
     0 | D:1      | jasper the Ghoul Gladiator began the quest for the Orb.
     0 | D:1      | Reached XP level 1. HP: 17/17 MP: 0/0
   246 | D:1      | Reached XP level 2. HP: 25/25 MP: 1/1
   265 | D:1      | Found Hiniynat's Distillery.
   297 | D:1      | Bought a potion of curing for 30 gold pieces
   380 | D:1      | Reached skill level 3 in Axes
   555 | D:2      | Reached XP level 3. HP: 22/30 MP: 2/2
   644 | D:2      | Reached skill level 1 in Armour
   821 | D:2      | Reached XP level 4. HP: 28/37 MP: 3/3
   944 | D:2      | Found a runed translucent door.
   945 | D:2      | Noticed Crazy Yiuf
  1046 | D:2      | Reached XP level 5. HP: 45/45 MP: 4/4
  1393 | D:2      | Killed Crazy Yiuf
  1394 | D:2      | Reached skill level 4 in Axes
  1905 | D:3      | Found a blossoming altar of Fedhas.
  2090 | D:3      | Found a bloodstained altar of Trog.
  2422 | D:4      | Found a staircase to the Ecumenical Temple.
  2432 | Temple   | Entered the Ecumenical Temple
  2547 | Temple   | Became a worshipper of Ashenzari the Shackled
  2601 | D:4      | Reached XP level 6. HP: 48/51 MP: 5/5
  3074 | D:4      | Found a hide-covered altar of Uskayaw.
  3462 | D:5      | Entered Level 5 of the Dungeon
  3471 | D:5      | Reached skill level 5 in Axes
  3471 | D:5      | Reached XP level 7. HP: 33/59 MP: 6/6
  3566 | D:5      | Found a sparkling altar of Nemelex Xobeh.
  4017 | D:5      | Found an opulent altar of Gozag.
  4246 | D:5      | Found a hazy altar of Hepliaklqana.
  4280 | D:5      | Reached XP level 8. HP: 67/67 MP: 7/7
  4418 | D:6      | Reached skill level 5 in Fighting
  4418 | D:6      | Reached skill level 6 in Axes
  4421 | D:6      | Reached * piety under Ashenzari
  4654 | D:6      | Reached skill level 5 in Dodging
  4735 | D:6      | Noticed Pikel
  4747 | D:6      | Killed Pikel
  4748 | D:6      | Reached skill level 7 in Axes
  4748 | D:6      | Reached XP level 9. HP: 64/75 MP: 8/8
  5138 | D:7      | Reached ** piety under Ashenzari
  5162 | D:7      | Noticed Joseph
  5403 | D:7      | Found a burning altar of Makhleb.
  5443 | D:7      | Killed Joseph
  5444 | D:7      | Reached skill level 5 in Armour
  5451 | D:7      | Reached skill level 8 in Axes
  5737 | D:7      | Found an iron altar of Okawaru.
  5894 | D:7      | Found an ornate altar of the Wu Jian Council.
  5894 | D:7      | Found a sacrificial altar of Ru.
  5910 | D:7      | Found Suigh's Weapon Shop.
  6162 | D:8      | Reached XP level 10. HP: 86/86 MP: 9/9
  6483 | D:8      | Reached *** piety under Ashenzari
  6645 | D:8      | Reached skill level 9 in Axes
  7127 | D:8      | Found a shimmering blue altar of Sif Muna.
  7265 | D:9      | Noticed Maggie
  7279 | D:9      | Killed Maggie
  7342 | D:9      | Noticed a two-headed ogre
  7365 | D:9      | Killed a two-headed ogre
  7489 | D:9      | Found a runed translucent door.
  7490 | D:9      | Noticed a skeletal warrior
  7491 | D:9      | Noticed nocore's ghost (journeyman OpWn)
  7548 | D:9      | Reached **** piety under Ashenzari
  7553 | D:9      | Noticed a death yak
  7573 | D:9      | Killed a death yak
  7574 | D:9      | Reached skill level 10 in Axes
  7574 | D:9      | Reached XP level 11. HP: 52/95 MP: 10/10
  7619 | D:9      | Noticed a two-headed ogre
  7621 | D:9      | Noticed a death yak
  7629 | D:9      | Killed a two-headed ogre
  7653 | D:9      | Killed a death yak
  7653 | D:9      | Noticed a death yak
  7673 | D:9      | Killed a death yak
  7764 | D:9      | Found a staircase to the Lair.
  8118 | D:9      | Found a snail-covered altar of Cheibriados.
  8359 | D:9      | Found Izedgheg's Fire Supplies.
  8368 | D:9      | Bought a scroll of immolation for 56 gold pieces
  8579 | D:10     | Entered Level 10 of the Dungeon
  8616 | D:10     | Noticed a two-headed ogre
  8623 | D:10     | Killed a two-headed ogre
  8624 | D:10     | Reached skill level 11 in Axes
  8682 | D:10     | Noticed Nergalle
  8695 | D:10     | Killed Nergalle
  8995 | D:10     | Reached XP level 12. HP: 87/106 MP: 11/11
  9054 | D:10     | Reached ***** piety under Ashenzari
  9066 | D:10     | Noticed Sonja
  9071 | D:10     | Killed Sonja
  9478 | D:10     | Found a staircase to the Orcish Mines.
  9676 | D:11     | Noticed a boulder beetle
  9700 | D:11     | Killed a boulder beetle
  9797 | D:11     | Noticed a boulder beetle
  9811 | D:11     | Killed a boulder beetle
 10373 | D:12     | Reached skill level 10 in Fighting
 10378 | D:12     | Found a gate leading to a gauntlet.
 10389 | Gauntlet | Entered a Gauntlet
 10389 | Gauntlet | Found a transporter.
 10389 | Gauntlet | Found a transporter.
 10439 | Gauntlet | Found a transporter.
 10450 | Gauntlet | Found a transporter.
 10475 | Gauntlet | Found a transporter.
 10478 | Gauntlet | Found a transporter.
 10480 | Gauntlet | Noticed a balrug
 10495 | Gauntlet | Identified the -1 hat of the Desert {rF+}
 10567 | Gauntlet | Found a transporter.
 10582 | Gauntlet | Found a transporter.
 10598 | Gauntlet | Found a transporter.
 10611 | Gauntlet | Found a transporter.
 10627 | Gauntlet | Found a transporter.
 10627 | Gauntlet | Identified the ring "Attut" {Will+ MP+9}
 10628 | Gauntlet | Noticed a blizzard demon
 10694 | Gauntlet | Found a transporter.
 10703 | Gauntlet | Found a transporter.
 10706 | Gauntlet | Found a transporter.
 10706 | Gauntlet | Found a transporter.
 10715 | Gauntlet | Found a transporter.
 10884 | Gauntlet | Killed a blizzard demon
 10885 | Gauntlet | Reached skill level 12 in Axes
 10915 | Gauntlet | Identified the Parchment of Tephra
 10915 | Gauntlet | Identified the +2 falchion of Interdependent Arising
                  | {spect, Fly rN+ Str+2 Dex-3}
 10915 | Gauntlet | Identified the +8 shortbow of Binepsauc {freeze, Fragile
                  | +Blink rF+ Dex+2}
 10915 | Gauntlet | Noticed a minotaur
 10935 | Gauntlet | Killed a minotaur
 11128 | Lair:1   | Entered Level 1 of the Lair of Beasts
 11128 | Lair:1   | Noticed Gastronok
 11154 | Lair:1   | Killed Gastronok
 11281 | Lair:1   | Identified the +1 robe "Cuocas" {rPois rF+ Str-2 Dex+2}
 11290 | Lair:1   | Identified the +0 pair of boots of Relativism {rN+ Str+6
                  | Stlth+}
 11410 | Lair:1   | Reached XP level 13. HP: 112/114 MP: 12/12
 11492 | Lair:1   | Noticed Fannar
 11509 | Lair:1   | Killed Fannar
 12075 | Lair:2   | Reached skill level 13 in Axes
 13828 | Lair:3   | Reached skill level 10 in Dodging
 14027 | Lair:3   | Reached XP level 14. HP: 125/125 MP: 13/13
 14268 | Lair:3   | Found a hole to the Spider Nest.
 14304 | Lair:3   | Reached skill level 14 in Axes
 14494 | Lair:3   | Found a staircase to the Shoals.
 15085 | Lair:4   | Identified the +9 spear of the Hurting Gods {flame, rPois
                  | rN+ Will-}
 15316 | Lair:4   | Reached skill level 10 in Armour
 15381 | Lair:4   | Reached skill level 1 in Shields
 15408 | Lair:4   | Noticed Nessos
 15427 | Lair:4   | Killed Nessos
 15991 | Lair:5   | Entered Level 5 of the Lair of Beasts
 16272 | Lair:5   | Reached skill level 1 in Stealth
 16328 | Lair:5   | Found a transporter.
 16328 | Lair:5   | Noticed garrulousMonolith's ghost (journeyman DsGl)
 16351 | Lair:5   | Found a transporter.
 16370 | Lair:5   | Found the +10 dark maul {heavy}
 16452 | Lair:5   | Reached skill level 5 in Evocations
 16940 | Lair:5   | Noticed a dire elephant
 16961 | Lair:5   | Killed a dire elephant
 17035 | Lair:5   | Found a burning altar of Makhleb.
 17067 | Lair:5   | HP: 5/127 [sun demon (8)]
 17067 | Lair:5   | Mangled by a sun demon

Illustrated notes

Levels and vault maps discovered:
D:1:      psy_arrival_heroes, layout_rooms, serial_shops, shop
D:2:      layout_basic, grunt_ministairs_9, grunt_decor_cap,
          minmay_diced_spiral, uniq_crazy_yiuf_cottage
D:3:      layout_loops_ring, mainiacjoe_overflow_brackets, fedhas_altar_4,
          kennysheep_generic_room_9
D:4:      kennysheep_big_flooded_room, layout_cave_pods,
          eat_drink_and_be_merry_uskayaw, minmay_temple_entry_mini_moons,
          minmay_strange_pillars
D:5:      layout_rooms, amcnicky_altar_gilded,
          nicolae_hepliaklqana_monster_ancestors,
          nicolae_gozag_cash_rules_everything_around_me
D:6:      layout_basic, uniq_pikel
D:7:      layout_basic, okawaru_humans, lemuel_crystal_altar,
          gammafunk_temple_overflow_wave, serial_shops,
          nicolae_shop_behind_doors, uniq_joseph
D:8:      layout_loops_ring, lemuel_blue_sif_altar,
          chequers_serial_rivers_room_a, roderic_serpentine_path,
          corexii_hall_statues_l, fountainhead, minmay_bent
D:9:      layout_loops_corners, nicolae_overflow_hidden_temple,
          cheibriados_altar_1, dpeg_lair_monsters, ebering_ghost_inner_flame,
          nicolae_shop_fire_sale [nicolae_sub_dead_trees], uniq_maggie
D:10:     layout_roguey, david_orc_4, uniq_sonja, uniq_nergalle
D:11:     layout_loops_ring, fountainhead
D:12:     wad_woods_structure_01, layout_rooms, gauntlet_entry_generic
Temple:   kb_temple_of_zot
Lair:1:   layout_regular_city, st_stairs_13, uniq_fannar, uniq_gastronok
Lair:2:   regret_index_harrowing_hell_hive, layout_layer_cave,
          serial_bayou_shore_b, grunt_megastairs_3
Lair:3:   layout_layer_cave, minmay_shoals_entry_lonely_mermaid,
          spider_nest_entry_rubble
Lair:4:   layout_gridlike, uniq_nessos
Lair:5:   evil_forest, layout_cellular_growth, slime_entry_1,
          gammafunk_ghost_arena, st_stairs_6

Skill      XL: |  1  2  3  4  5  6  7  8  9 10 11 12 13 14 |
---------------+-------------------------------------------+-----
Axes           | 3 4 5 7 8 10 11 12 13 14 | 14.0
Dodging        | 3 4 5 6 7 8 9 10 11 | 11.0
Armour         | 1 2 3 4 5 6 7 8 9 10 | 10.6
Fighting       | 3 4 6 7 8 9 10 11 12 | 12.8
Evocations     | 4 5 |  5.6
Shields        | 2 |  2.0
Stealth        | 3 |  3.8
Throwing       | |  1.7

Action                     |  1- 3 |  4- 6 |  7- 9 | 10-12 | 13-15 || total
---------------------------+-------+-------+-------+-------+-------++-------
  Melee: War axe           |    67 |   165 |   244 |   531 |   618 ||  1625
         Punch             |     1 |     3 |     1 |    16 |     8 ||    29
  Throw: Dart              |       |     1 |       |     8 |       ||     9
         Throwing net      |       |     1 |       |     3 |       ||     4
         Stone             |       |       |     1 |       |       ||     1
         Boomerang         |       |       |       |     2 |     6 ||     8
 Invoke: Curse Item        |       |     1 |     3 |     5 |     1 ||    10
         Shatter the Chain |       |       |       |     1 |     1 ||     2
  Evoke: Wand              |       |       |       |    11 |    21 ||    32
    Use: Scroll            |     2 |     9 |     2 |       |     3 ||    16
         Potion            |       |       |     1 |     3 |     1 ||     5
   Stab: Held in net/web   |       |     1 |       |       |       ||     1
 Armour: Leather armour    |    14 |       |       |       |       ||    14
         Scale mail        |     5 |    93 |    46 |       |       ||   144
         Chain mail        |       |       |   140 |   296 |   360 ||   796
  Dodge: Dodged            |    47 |    93 |   151 |   254 |   433 ||   978

Table legend: (Time is in decaauts)
 A = Elapsed time spent in this place.
 B = Non-inter-level travel time spent in this place.
 C = Inter-level travel time spent in this place.
 D = Time resting spent in this place.
 E = Time spent auto-exploring this place.
 F = Levels seen in this place.
 G = Mean time per level.
                   A        B        C        D        E       F      G
               +--------+--------+--------+--------+--------+-----+--------+
         Total |  16946 |  16342 |    604 |    599 |  11860 |  19 |  891.9 |
       Dungeon |  10514 |  10095 |    419 |    463 |   7258 |  12 |  876.2 |
        Temple |    143 |     90 |     53 |      0 |     83 |   1 |  143.0 |
          Lair |   5738 |   5607 |    131 |    113 |   4193 |   5 | 1147.6 |
      Gauntlet |    550 |    550 |      0 |     23 |    326 |   1 |  550.0 |
               +--------+--------+--------+--------+--------+-----+--------+

Top non-repeatable levels by time:
  Lair:3: 1532 daAuts
  Lair:2: 1421 daAuts
     D:9: 1328 daAuts
     D:8: 1147 daAuts
     D:4: 1130 daAuts
     D:2: 1047 daAuts
    D:10: 1032 daAuts
  Lair:5: 1014 daAuts
     D:7: 975 daAuts
     D:3: 903 daAuts
  Lair:4: 902 daAuts
  Lair:1: 867 daAuts
     D:5: 762 daAuts
     D:6: 750 daAuts
    D:11: 730 daAuts
